cohdb
Replays
Latest Replays
All Replays
Popular Replays
Top Player Replays
Match Explorer
How It Works
Community
CoH3 Stats
Reddit
Sign in to upload your games and track your stats! →
Sign in with Steam
Match 45247563
Unlisted
Match 45247563
Overview
Messages
Build Orders
End
Construct Infanterie Kompanie
Kettenkrad Recon Vehicle
Selects Terror Battlegroup
MG 42 Machine Gun Team
Grenadier Squad
GrW 34 Mortar Team
Construct Panzergrenadier Kompanie
Panzergrenadier Squad
Pak 40 Anti-tank Gun Team
251 Medium Carrier
Selects Interrogate
Selects Heavy Gunnery
Construct Panzer Kompanie
Selects Propaganda Leaflet Drop
Panzer IV Medium Tank
Panzer IV Medium Tank
MG 42 Machine Gun Team
Selects V1 Rocket Strike
V1 Rocket Strike
Sturmpanzer IV Brummbär
MG 42 Machine Gun Team
MG 42 Machine Gun Team
Pak 40 Anti-tank Gun Team
Side Skirts
Selects No Quarter
V1 Rocket Strike
Panzer IV Medium Tank
Pak 40 Anti-tank Gun Team
V1 Rocket Strike
Panzer IV Medium Tank
Panzergrenadier Squad
Pioneer Squad
Pioneer Squad
Medical Station
Selects King Tiger Heavy Tank
King Tiger Heavy Tank
V1 Rocket Strike
Pioneer Squad
Pioneer Squad
Panzer IV Medium Tank
[PMT]GENERAL
[PMT]Reza Rommel
pagep
7k this year for sure
0
0
Comments
sign in to comment!
No comments posted yet!